 Dungeon Crawl Stone Soup version 0.31-a0-365-gcf821cafb2 (webtiles) character file.

Game seed: 12654399135851660336

286 Newt the Skirmisher (level 6, -6/40 HPs)
             Began as a Kobold Hunter on July 28, 2023.
             Mangled by a gnoll
             ... wielding a +2 spear of venom
              (8 damage)
             ... on level 3 of the Dungeon.
             The game lasted 00:01:41 (2702 turns).

Newt the Skirmisher (Kobold Hunter)                 Turns: 2702, Time: 00:01:42

Health: -6/40      AC:  3    Str:  9    XL:     6   Next: 56%
Magic:  6/6        EV: 14    Int: 10    God:
Gold:   148        SH:  0    Dex: 20    Spells: 5/5 levels left

rFire   . . .        a - +0 shortbow
rCold   . . .        (shield currently unavailable)
rNeg    . . .        c - +0 leather armour
rPois   .            (no helmet)
rElec   .            (no cloak)
rCorr   .            (no gloves)
SInv    .            (no boots)
Will    .....        (no amulet)
Stlth   +++          (no ring)
HPRegen 0.26/turn    (no ring)
MPRegen 0.10/turn

%: no passive effects
@: mighty, lethally poisoned (-6 -> -17)
A: small, no large weapons, nightstalker 3
a: no special abilities


You were on level 3 of the Dungeon.
You visited 1 branch of the dungeon, and saw 3 of its levels.

You collected 148 gold pieces.

Inventory:

Hand Weapons
 a - a +0 shortbow (weapon)
Missiles
 i - a throwing net
Armour
 c - a +0 leather armour (worn)
 e - +1 fire dragon scales
Scrolls
 b - a scroll of butterflies
 f - a scroll of silence
Potions
 d - a potion of cancellation {unknown}
 g - a potion of curing {unknown}
 h - a potion of heal wounds {unknown}
 j - a potion of attraction {unknown}
 k - a potion of lignification {unknown}
 l - a potion of might


   Skills:
 - Level 5.0 Fighting
 + Level 8.0 Ranged Weapons
 - Level 2.4 Dodging
 - Level 1.3 Stealth


You had 5 spell levels left.
You didn't know any spells.
Your spell library contained the following spells:

 Spells                   Type           Power      Damage    Failure   Level
 Slow                     Hex            0%         N/A       47%         1
 Confusing Touch          Hex            0%         N/A       85%         3
 Vampiric Draining        Necr           0%         2d6       85%         3


Dungeon Overview and Level Annotations

Branches:
Dungeon (3/15)

Altars:
Kikubaaqudgha


Innate Abilities, Weirdness & Mutations

You are small and have problems with some larger weapons.
You are completely attuned to the shadows.


Message History

The gnoll is severely wounded.
You feel sick. The gnoll barely misses you. x2
You shoot an arrow. The arrow hits the gnoll.
You kill the gnoll!
You feel sick. The gnoll barely misses you.
Your Ranged Weapons skill increases to level 8!
Unknown command.
You feel sick.
Unknown command.
Fire: a) +0 shortbow
Press: ? - help, Shift-Dir - straight line, f - gnoll
Aim: a gnoll, wielding a +2 spear of venom (71% to hit)
You shoot an arrow. The arrow barely misses the gnoll.
The arrow hits the orc!
You kill the orc!
You feel sick. The gnoll misses you.
An orc comes into view. It is wielding a +0 club.
Unknown command.
Fire: a) +0 shortbow
Press: ? - help, Shift-Dir - straight line, f/p - gnoll
Aim: a gnoll, wielding a +2 spear of venom (71% to hit)
You shoot an arrow. The arrow closely misses the gnoll.
You feel sick.
The gnoll hits you from afar with a +2 spear of venom!
You are lethally poisoned!
Unknown command.
Fire: a) +0 shortbow
Press: ? - help, Shift-Dir - straight line, f/p - gnoll
Aim: a gnoll, wielding a +2 spear of venom (71% to hit)
You shoot an arrow. The arrow hits the gnoll.
The gnoll is heavily wounded.
* * * LOW HITPOINT WARNING * * *
You feel very sick.
The gnoll hits you from afar with a +2 spear of venom.
* * * LOW HITPOINT WARNING * * *
Unknown command.
It was a potion of might.
You feel very mighty all of a sudden.
* * * LOW HITPOINT WARNING * * *
You feel very sick.
The gnoll hits you from afar with a +2 spear of venom!
You die...

#.##.# ..##.#
####.# #.# #.#
##############.#
#..............#
#.##############
#@# #.# #g# #)#
og..o# ######


You could see a gnoll and an orc.

Vanquished Creatures
  Sigmund (D:2)
  7 gnolls (D:3)
  2 adders
  An orc (D:3)
  4 ball pythons
  4 endoplasms
  7 goblins
  5 hobgoblins
  2 jackals (D:1)
  4 kobolds
  A quokka (D:2)
  5 bats
  A frilled lizard (D:1)
  A rat (D:3)
45 creatures vanquished.

Notes
Turn   | Place    | Note
-------+----------+-------------------------------------------
     0 | D:1      | Newt the Kobold Hunter began the quest for the Orb.
     0 | D:1      | Reached XP level 1. HP: 12/12 MP: 1/1
   386 | D:1      | Reached XP level 2. HP: 18/18 MP: 2/2
  1225 | D:2      | Reached XP level 3. HP: 23/23 MP: 3/3
  1333 | D:2      | Identified the +3 hand axe of Impatience {freeze, rPois rN+
                  | Int+5}
  1384 | D:2      | Found an ancient bone altar of Kikubaaqudgha.
  1762 | D:2      | Noticed Sigmund
  1771 | D:2      | Killed Sigmund
  1772 | D:2      | Reached skill level 5 in Fighting
  1772 | D:2      | Reached skill level 7 in Ranged Weapons
  1772 | D:2      | Reached XP level 4. HP: 15/31 MP: 4/4
  1772 | D:2      | Reached XP level 5. HP: 17/35 MP: 5/5
  1772 | D:2      | Reached XP level 6. HP: 20/40 MP: 6/6
  2698 | D:3      | Reached skill level 8 in Ranged Weapons
  2702 | D:3      | HP: 2/40 [poisoned by a gnoll]
  2702 | D:3      | Mangled by a gnoll

Illustrated notes

Levels and vault maps discovered:
D:1:      dpeg_arrival_snail, layout_basic
D:2:      wad_pebble_path, layout_basic, basic_altar, minivault_14, uniq_sigmund
D:3:      layout_loops_ring

Skill      XL: |  1  2  3  4  5  6 |
---------------+-------------------+-----
Fighting       | 3 5 |  5.0
Ranged Weapons | 7 8 |  8.0
Dodging        | |  2.4
Stealth        | |  1.3

Action                     |  1- 3 |  4- 6 || total
---------------------------+-------+-------++-------
   Fire: Shortbow          |    83 |    48 ||   131
    Use: Scroll            |     7 |       ||     7
         Potion            |       |     1 ||     1
 Armour: Leather armour    |     9 |     2 ||    11
  Dodge: Dodged            |    28 |    22 ||    50

Table legend: (Time is in decaauts)
 A = Elapsed time spent in this place.
 B = Non-inter-level travel time spent in this place.
 C = Inter-level travel time spent in this place.
 D = Time resting spent in this place.
 E = Time spent auto-exploring this place.
 F = Levels seen in this place.
 G = Mean time per level.
                   A        B        C        D        E       F      G
               +--------+--------+--------+--------+--------+-----+--------+
         Total |   2721 |   2689 |     32 |    443 |   1987 |   3 |  907.0 |
       Dungeon |   2721 |   2689 |     32 |    443 |   1987 |   3 |  907.0 |
               +--------+--------+--------+--------+--------+-----+--------+

Top non-repeatable levels by time:
     D:1: 1142 daAuts
     D:2: 1105 daAuts
     D:3: 473 daAuts
